Map: 16-Bit LE

Players

Reia

  • Race: Zerg Zerg
  • League: Diamond
  • Spawn Location: 1:00

alexpoopers - Winner!

  • Race: Protoss Protoss
  • League: Diamond
  • Spawn Location: 7:00

VOD

Have the link to the VOD?

Description

I'm Reia, the Zerg. I think I saw a few mistakes I did that could have contributed to my loss, but I think there are bigger things that I should look for.

Time

  • Played on: May 21, 2018, 8:46 p.m.
  • Length: 13:14
Show
View Real Time Build Order
Export as new Build Order

Reia Zerg 

Build Orders: Hatch First, Lurkers 

Get SALT Encoding   

  12  0:01  Drone  
  13  0:13  Overlord  
  13  0:20  Drone  
  14  0:31  Drone x2  
  16  0:52  Hatchery  
  16  0:54  Drone  
  16  0:57  Drone  
  16  1:01  Drone  
  18  1:11  Extractor  
  17  1:17  Spawning Pool  
  16  1:20  Drone  
  16  1:25  Drone  
  18  1:28  Drone  
  19  1:38  Overlord  
  19  1:50  Drone  
  20  2:04  Queen  
  20  2:07  Queen  
  20  2:08  Zergling x4  
  26  2:11  Drone  
  27  2:18  Zergling x2  
  28  2:29  Drone x2  
  30  2:34  Overlord  
  30  2:39  Zergling x2  
  31  2:58  Metabolic Boost  
  31  3:00  Overlord  
  31  3:06  Hatchery  
  31  3:10  Drone x4  
  34  3:17  Spore Crawler  
  34  3:18  Spore Crawler  
  33  3:20  Drone  
  33  3:23  Drone  
  34  3:49  Drone x2  
  34  3:50  Drone x4  
  34  3:54  Queen  
  34  3:55  Queen  
  42  3:59  Drone x2  
  46  4:08  Roach Warren  
  45  4:23  Drone x9  
  54  4:38  Spore Crawler  
  53  4:40  Drone  
  53  4:42  Lair  
  53  4:45  Extractor  
  53  4:49  Evolution Chamber, Extractor x2  
  50  5:03  Drone x3  
  50  5:05  Overlord  
  50  5:06  Overlord x5  
  53  5:27  Pneumatized Carapace  
  53  5:29  Zerg Missile Weapons Level 1  
  53  5:30  Drone x2  
  53  5:32  Drone x3  
  53  5:33  Drone x3  
  53  5:34  Drone x3  
  53  5:35  Drone  
  65  5:58  Overlord  
  65  6:02  Roach x5  
  65  6:03  Roach  
  77  6:16  Roach  
  77  6:17  Roach x7  
  93  6:22  Zergling x2  
  93  6:23  Zergling x4  
  93  6:24  Drone  
  93  6:32  Roach  
  93  6:38  Zergling x4  
  93  6:39  Zergling x2  
  96  6:47  Roach Warren  
  96  6:50  Hydralisk Den  
  94  7:03  Drone x3  
  94  7:04  Drone  
  94  7:05  Overlord x4  
  94  7:08  Hatchery  
  97  7:11  Extractor  
  97  7:12  Extractor  
  95  7:28  Drone x3  
  95  7:29  Drone x2, Glial Reconstitution  
  100  7:32  Queen  
  100  7:35  Drone x3  
  105  7:37  Drone  
  103  7:52  Drone x2  
  103  7:54  Zerg Missile Weapons Level 2  
  103  7:56  Grooved Spines  
  105  8:00  Drone x7  
  112  8:07  Lurker Den  
  112  8:09  Zergling x4  
  112  8:10  Zergling x4  
  115  8:16  Baneling Nest  
  114  8:20  Drone x2  
  114  8:21  Drone  
  117  8:45  Spore Crawler  
  116  8:51  Spine Crawler  
  116  8:54  Spine Crawler x2  
  113  9:00  Spine Crawler  
  113  9:02  Spine Crawler x2  
  111  9:03  Hydralisk x10  
  111  9:04  Spine Crawler x3  
  111  9:06  Overlord x4  
  111  9:07  Overlord  
  111  9:08  Muscular Augments  
  127  9:16  Baneling  
  127  9:17  Baneling x3  
  127  9:19  Baneling x2  
  127  9:20  Baneling  
  127  9:24  Overlord x3  
  127  9:25  Drone  
  127  9:26  Drone x2  
  127  9:29  Drone x3  
  133  9:49  Baneling  
  133  9:51  Hydralisk x5  
  133  9:52  Hydralisk x9  
  161  10:06  Hydralisk  
  161  10:07  Hydralisk x10  
  172  10:18  Lurker x4  
  172  10:20  Lurker  
  169  10:23  Lurker x2  
  123  10:42  Hydralisk x11  
  91  10:49  Hydralisk x3  
  90  11:07  Hydralisk x6  
  90  11:08  Hydralisk x2  
  72  11:22  Hydralisk x3  
  63  11:31  Hydralisk x3  
  53  11:38  Lurker  
  41  11:47  Lurker  
  22  12:20  Drone  
  22  12:21  Drone  
  21  12:44  Hatchery  
Show
View Real Time Build Order
Export as new Build Order

alexpoopers Protoss - Winner!

Build Orders: 1 Gate Expand 

Get SALT Encoding   

  12  0:00  Probe  
  13  0:15  Probe  
  13  0:20  Pylon  
  14  0:30  Probe  
  15  0:38  Probe  
  15  0:41  Gateway  
  16  0:46  Probe  
  16  0:53  Assimilator  
  17  0:58  Probe  
  18  1:10  Probe  
  19  1:22  Probe  
  20  1:31  Nexus  
  20  1:40  Cybernetics Core  
  20  1:47  Probe  
  20  1:52  Assimilator  
  21  1:59  Pylon  
  21  2:04  Probe  
  22  2:08  Adept  
  22  2:16  Probe  
  22  2:18  Warp Gate  
  25  2:28  Probe  
  25  2:38  Stalker  
  25  2:41  Probe  
  28  2:46  Probe  
  29  2:53  Probe  
  30  2:58  Probe  
  30  3:03  Gateway  
  30  3:05  Probe  
  32  3:10  Probe  
  33  3:16  Twilight Council  
  33  3:17  Probe  
  34  3:22  Stalker, Probe  
  37  3:29  Probe  
  38  3:35  Probe  
  39  3:41  Probe  
  39  3:47  Probe  
  39  3:48  Robotics Facility  
  39  3:50  Gateway  
  39  3:52  Charge  
  39  3:53  Gateway, Probe  
  40  3:59  Probe  
  41  4:07  Probe  
  41  4:09  Pylon  
  42  4:16  Probe  
  43  4:20  Probe  
  43  4:23  Assimilator  
  44  4:25  Assimilator  
  44  4:28  Probe  
  45  4:32  Probe, Warp Prism  
  45  4:37  Nexus  
  46  4:38  Pylon  
  46  4:40  Probe  
  49  4:51  Stalker  
  51  4:53  Stalker  
  51  4:55  Probe  
  51  4:59  Pylon  
  54  5:01  Probe  
  55  5:11  Gateway  
  55  5:16  Forge  
  55  5:17  Templar Archives  
  55  5:22  Probe x2  
  57  5:36  Zealot x2  
  57  5:37  Zealot x2  
  57  5:39  Probe  
  57  5:40  Immortal  
  57  5:41  Pylon  
  66  5:45  Probe  
  71  5:51  Probe  
  72  5:58  Shield Battery, Probe  
  72  6:00  Shield Battery  
  72  6:03  Shield Battery  
  73  6:04  Protoss Ground Weapons Level 1  
  73  6:05  Probe  
  73  6:06  Probe  
  73  6:10  Stalker, Probe  
  78  6:17  Probe  
  78  6:18  Probe  
  80  6:19  Immortal  
  80  6:22  Probe  
  80  6:24  Zealot x3  
  87  6:29  Probe  
  88  6:34  Probe  
  88  6:37  Pylon  
  88  6:39  Zealot  
  87  6:42  Psionic Storm  
  85  6:47  Probe  
  85  6:49  Assimilator  
  85  6:51  Pylon  
  86  6:54  Assimilator, Pylon  
  86  6:58  Gateway  
  86  7:01  Probe  
  86  7:08  High Templar x4  
  91  7:11  Probe  
  96  7:34  Probe x2  
  98  7:38  Pylon  
  98  7:42  Immortal  
  98  7:46  Zealot x4  
  92  7:52  Protoss Ground Weapons Level 2  
  92  7:55  Probe  
  97  8:05  Gateway  
  97  8:06  Stalker  
  97  8:07  Gateway  
  97  8:09  Gateway  
  97  8:11  Gateway  
  99  8:14  Zealot x4  
  99  8:16  Probe  
  99  8:19  Pylon  
  108  8:22  Probe  
  108  8:26  Pylon  
  109  8:29  Immortal, Probe  
  114  8:40  Probe x2  
  116  8:41  Forge  
  116  8:43  Gateway  
  116  8:45  Gateway  
  116  8:50  Gateway  
  116  8:52  Gateway  
  116  8:53  Zealot x4  
  116  8:54  Zealot  
  116  8:55  Gateway  
  126  9:00  Gateway  
  126  9:02  Probe x2  
  128  9:03  Gateway  
  128  9:21  Nexus  
  128  9:23  Pylon  
  128  9:24  Protoss Ground Armor Level 1  
  128  9:26  Pylon  
  128  9:33  Probe x3  
  128  9:35  Immortal  
  128  9:38  High Templar x2  
  133  9:39  High Templar x3  
  133  9:42  Archon x2  
  145  9:49  Pylon  
  145  9:51  Zealot x3, Pylon  
  145  9:52  Zealot  
  153  9:53  Pylon  
  153  9:55  Pylon  
  153  10:01  Probe x2  
  155  10:08  Zealot x2  
  155  10:09  Zealot x4  
  129  10:35  Zealot x2  
  129  10:36  Zealot x7  
  129  10:37  Zealot  
  127  10:44  Zealot x5  
  127  10:48  Archon  
  137  10:52  Probe x2  
  135  10:59  Zealot x5  
  135  11:00  Zealot x5  
  140  11:05  Observer  
  119  11:20  Observer  
  119  11:23  Zealot x8  
  119  11:24  Zealot x3  
  140  11:43  Probe  
  111  12:19  Probe  
  111  12:20  Probe x3  
  93  12:31  Probe  
  93  12:32  Probe x2  
  82  12:38  Probe  
  82  12:44  Probe x3  
  86  12:50  Probe  
  91  13:12  Assimilator  
  92  13:13  Assimilator  
Tags
 
Add a new tag
Caveats
  • Supply blocks, unpowered buildings, or Contaminate may cause inaccurate times.
  • Supply counts are checked every 10 seconds.